Crunch vs Tigers

Created - Sunday, December 21, 2014 at 22:42

Goals
1 2 3 T
Crunch 0 1 0 1
Tigers 1 0 2 3
Shots
1 2 3 T
Crunch 7 14 14 35
Tigers 8 3 12 23

1st period

1. Tigers , Harry Zolnierczyk 22 (Ty Rattie, Bracken Kearns) at 3:34

Penalties :
No Penalty

2nd period

2. Crunch , Ryan Strome 17 (Taylor Pyatt) at 14:24

Penalties :
Geoff Walker (BRI) for Hooking (Minor) at 5:20, Geoff Walker (BRI) for Roughing (Minor) at 16:18

3rd period

3. Tigers , Brandon Bollig 7 (Jed Ortmeyer, Alexander Khokhlachev) at 2:09 (PP)
4. Tigers , Ty Rattie 8 (Bracken Kearns, Harry Zolnierczyk) at 5:54

Penalties :
Zach Trotman (SYR) for Goalie Interference (Minor) at 1:27, Brandon DeFazio (BRI) for Slashing (Minor) at 8:34, Chad Billins (SYR) for Boarding (Minor) at 13:40, Geoff Walker (BRI) for Hooking (Minor) at 19:15

Goalie Stats

Richard Bachman (SYR), 20 saves from 23 shots - (0.870), L, 5-3-2, 60:00 minutes
Andrew Hammond (BRI), 34 saves from 35 shots - (0.971), W, 18-4-5, 60:00 minutes

Players Stats for Crunch

Player Name              G  A  P  +/- PIM S  H  SB GA TA FO     MP     PP MP  PK MP  
------------------------------------------------------------------------------------
Andre Petersson          0  0  0   1  0   1  1  1  0  0  0/0    17:32   3:56   0:00 
Anton Zlobin             0  0  0   0  0   2  1  1  1  1  0/0    13:42   0:00   0:00 
Brett Skinner            0  0  0   0  0   1  1  2  0  1  0/0    18:04   0:00   2:00 
Brodie Reid              0  0  0  -1  0   3  2  0  3  0  0/0    10:05   0:00   0:00 
Chad Billins             0  0  0  -1  2   3  2  1  1  1  0/0    22:10   2:51   0:15 
Corban Knight            0  0  0  -1  0   0  0  0  0  0  1/4    15:54   2:45   0:00 
Danny Syvret             0  0  0  -1  0   2  2  0  0  0  0/0    22:59   2:51   0:41 
Eriah Hayes              0  0  0  -1  0   0  2  0  5  1  0/1    15:54   2:45   0:00 
Jordin Tootoo            0  0  0  -1  0   2  4  0  1  0  1/1    15:54   2:45   0:00 
Karl Stollery            0  0  0   0  0   1  1  3  0  2  0/0    19:29   3:50   0:04 
Matt Lindblad            0  0  0  -1  0   2  0  0  3  0  0/1    11:39   0:00   1:28 
Nick Jensen              0  0  0   0  0   2  0  2  0  1  0/0    18:26   0:00   2:22 
Phillip Danault          0  0  0  -1  0   0  1  0  1  0  6/11   11:39   0:00   1:28 
Ryan Strome              1  0  1   1  0   7  1  0  4  0  7/12   17:32   3:56   0:00 
Stanislav Galiev         0  0  0   0  0   4  0  1  2  2  1/1    14:55   0:00   1:13 
Taylor Pyatt             0  1  1   1  0   2  1  0  3  1  0/1    17:32   3:56   0:00 
Travis Oleksuk           0  0  0   0  0   2  1  0  4  0  6/8    14:55   0:00   1:13 
Zach Trotman             0  0  0   0  2   1  2  1  0  1  0/0    18:56   3:50   0:00 

Players Stats for Tigers

Player Name              G  A  P  +/- PIM S  H  SB GA TA FO     MP     PP MP  PK MP  
------------------------------------------------------------------------------------
A.J. Gale                0  0  0   0  0   2  1  0  5  1  0/1    13:31   0:00   0:00 
Adam Comrie              0  0  0   1  0   0  0  0  0  2  0/0    22:38   1:24   4:13 
Alexander Khokhlachev    0  1  1   0  0   1  0  1  1  2  9/17   23:30   1:10   4:52 
Austin Levi              0  0  0   0  0   0  0  0  0  0  0/0    15:29   0:00   0:00 
Ben Blood                0  0  0   0  0   1  1  1  0  1  0/0    21:53   1:17   2:28 
Bracken Kearns           0  2  2   1  0   7  2  0  2  2  5/13   19:04   1:31   1:19 
Brandon Bollig           1  0  1   0  0   1  1  0  2  0  0/1    19:00   1:10   5:52 
Brandon DeFazio          0  0  0   0  2   0  0  0  0  0  0/0    10:22   0:00   0:05 
Connor Carrick           0  0  0   0  0   1  0  1  0  2  0/0    15:29   0:00   0:00 
Geoff Walker             0  0  0   0  6   0  0  1  0  0  0/0    15:33   0:00   0:00 
Harry Zolnierczyk        1  1  2   1  0   3  3  0  2  0  0/0    15:23   1:31   0:00 
Jed Ortmeyer             0  1  1   0  0   2  0  0  3  2  2/2    14:44   1:10   0:37 
Kane Lafranchise         0  0  0   0  0   0  1  1  0  0  0/0    21:53   1:17   2:28 
Nolan Yonkman            0  0  0   1  0   0  3  2  0  1  0/0    22:38   1:24   4:13 
Patrick Kennedy          0  0  0   0  0   1  2  1  1  0  0/1    13:31   0:00   0:00 
Toby Petersen            0  0  0   0  0   1  1  1  0  0  2/5     9:50   0:00   0:00 
Ty Rattie                1  1  2   1  0   3  0  1  1  0  0/0    18:47   1:31   0:37 
Tyler Murovich           0  0  0   0  0   0  0  0  0  0  0/0     0:00   0:00   0:00 

3 Stars

1 - Andrew Hammond (BRI)
2 - Harry Zolnierczyk (BRI)
3 - Ty Rattie (BRI)

Power Play

Crunch - 0 on 4 Attempt(s) - 0.00%
Tigers - 1 on 2 Attempt(s) - 50.00%

Penalty Kill

Crunch - 1 on 2 Attempt(s) - 50.00% - Score 0 goal in Penalty Kill
Tigers - 4 on 4 Attempt(s) - 100.00% - Score 0 goal in Penalty Kill

Official

Referees : Unknown
Linesman : Unknown

Game Notes

No Game Note

Finance

Level 1 -- Attendance: 1536 (76.80%) -- Ticket Income $53,760
Level 2 -- Attendance: 709 (70.90%) -- Ticket Income $10,635
Total Attendance: 2245 (74.83%)
Total Ticket Income: $64,395
Other Income: $31,554
Total Income: $95,949

Crunch

5 vs 5 Forward 
   Center                   Left Wing                Right Wing               Time % Phy DF OF 
 1 Ryan Strome              Andre Petersson          Taylor Pyatt             35     1   2  2  
 2 Corban Knight            Jordin Tootoo            Eriah Hayes              30     1   2  2  
 3 Travis Oleksuk           Stanislav Galiev         Anton Zlobin             20     1   2  2  
 4 Phillip Danault          Matt Lindblad            Brodie Reid              15     1   2  2  

5 vs 5 Defense 
   Defense                  Defense                                           Time % Phy DF OF 
 1 Danny Syvret             Chad Billins                                      34     1   2  2  
 2 Zach Trotman             Karl Stollery                                     33     1   2  2  
 3 Nick Jensen              Brett Skinner                                     33     1   2  2  
 4 Danny Syvret             Chad Billins                                      0      0   5  0  

PowerPlay Forward 
   Center                   Left Wing                Right Wing               Time % Phy DF OF 
 1 Ryan Strome              Andre Petersson          Taylor Pyatt             60     0   1  4  
 2 Corban Knight            Jordin Tootoo            Eriah Hayes              40     0   2  3  

PowerPlay Defense
   Defense                  Defense                                           Time % Phy DF OF 
 1 Danny Syvret             Chad Billins                                      60     0   2  3  
 2 Zach Trotman             Karl Stollery                                     40     0   2  3  

Penalty Kill 4 Players Forward 
   Center                   Wing                     Time % Phy DF OF 
 1 Travis Oleksuk           Stanislav Galiev         50     1   4  0  
 2 Phillip Danault          Matt Lindblad            50     1   4  0  

Penalty Kill 4 Players Defense
   Defense                  Defense                  Time % Phy DF OF 
 1 Nick Jensen              Brett Skinner            50     1   4  0  
 2 Danny Syvret             Chad Billins             50     1   4  0  

Penalty Kill - 3 Players Forward 
   Forward                                           Time % Phy DF OF 
 1 Travis Oleksuk                                    50     1   4  0  
 2 Phillip Danault                                   50     1   4  0  

Penalty Kill - 3 Players Defense
   Defense                  Defense                  Time % Phy DF OF 
 1 Nick Jensen              Brett Skinner            50     1   4  0  
 2 Danny Syvret             Chad Billins             50     1   4  0  

4 vs 4 Forward 
   Center                   Wing                     Time % Phy DF OF 
 1 Ryan Strome              Taylor Pyatt             60     0   1  4  
 2 Corban Knight            Jordin Tootoo            40     1   2  2  

4 vs 4 Defense
   Defense                  Defense                  Time % Phy DF OF 
 1 Danny Syvret             Chad Billins             50     1   2  2  
 2 Zach Trotman             Karl Stollery            50     1   2  2  

Last Minutes Offensive
   Center                   Left Wing                Right Wing               Defense                  Defense                  
   Ryan Strome              Andre Petersson          Taylor Pyatt             Danny Syvret             Chad Billins             

Last Minutes Defensive
   Center                   Left Wing                Right Wing               Defense                  Defense                  
   Ryan Strome              Andre Petersson          Taylor Pyatt             Danny Syvret             Chad Billins             

Goaltenders
Starting : Richard Bachman          
Backup : Michael Houser           

Extra Forwards
Normal : Taylor Pyatt, Ryan Strome, Jordin Tootoo - PP : Taylor Pyatt, Ryan Strome - PK : Taylor Pyatt
Extra Defensemen
Normal : Danny Syvret, Chad Billins, Zach Trotman - PP : Danny Syvret - PK : Danny Syvret, Chad Billins
Penalty Shots
Andre Petersson, Ryan Strome, Eriah Hayes, Jordin Tootoo, Corban Knight

Tigers

5 vs 5 Forward 
   Center                   Left Wing                Right Wing               Time % Phy DF OF 
 1 Alexander Khokhlachev    Brandon Bollig           Jed Ortmeyer             35     1   2  2  
 2 Bracken Kearns           Harry Zolnierczyk        Ty Rattie                30     1   2  2  
 3 Toby Petersen            Brandon DeFazio          Alexander Khokhlachev    22     1   2  2  
 4 Patrick Kennedy          A.J. Gale                Geoff Walker             13     1   2  2  

5 vs 5 Defense 
   Defense                  Defense                                           Time % Phy DF OF 
 1 Adam Comrie              Nolan Yonkman                                     35     1   2  2  
 2 Kane Lafranchise         Ben Blood                                         30     1   2  2  
 3 Austin Levi              Connor Carrick                                    22     1   2  2  
 4 Adam Comrie              Nolan Yonkman                                     13     1   2  2  

PowerPlay Forward 
   Center                   Left Wing                Right Wing               Time % Phy DF OF 
 1 Alexander Khokhlachev    Brandon Bollig           Jed Ortmeyer             60     1   2  2  
 2 Bracken Kearns           Harry Zolnierczyk        Ty Rattie                40     1   2  2  

PowerPlay Defense
   Defense                  Defense                                           Time % Phy DF OF 
 1 Adam Comrie              Nolan Yonkman                                     60     1   2  2  
 2 Kane Lafranchise         Ben Blood                                         40     1   2  2  

Penalty Kill 4 Players Forward 
   Center                   Wing                     Time % Phy DF OF 
 1 Alexander Khokhlachev    Brandon Bollig           60     1   2  2  
 2 Jed Ortmeyer             Ty Rattie                40     1   2  2  

Penalty Kill 4 Players Defense
   Defense                  Defense                  Time % Phy DF OF 
 1 Adam Comrie              Nolan Yonkman            60     1   2  2  
 2 Kane Lafranchise         Ben Blood                40     1   2  2  

Penalty Kill - 3 Players Forward 
   Forward                                           Time % Phy DF OF 
 1 Alexander Khokhlachev                             60     1   2  2  
 2 Brandon Bollig                                    40     1   2  2  

Penalty Kill - 3 Players Defense
   Defense                  Defense                  Time % Phy DF OF 
 1 Adam Comrie              Nolan Yonkman            60     1   2  2  
 2 Kane Lafranchise         Ben Blood                40     1   2  2  

4 vs 4 Forward 
   Center                   Wing                     Time % Phy DF OF 
 1 Alexander Khokhlachev    Brandon Bollig           60     1   2  2  
 2 Jed Ortmeyer             Ty Rattie                40     1   2  2  

4 vs 4 Defense
   Defense                  Defense                  Time % Phy DF OF 
 1 Adam Comrie              Nolan Yonkman            60     1   2  2  
 2 Kane Lafranchise         Ben Blood                40     1   2  2  

Last Minutes Offensive
   Center                   Left Wing                Right Wing               Defense                  Defense                  
   Alexander Khokhlachev    Brandon Bollig           Jed Ortmeyer             Adam Comrie              Nolan Yonkman            

Last Minutes Defensive
   Center                   Left Wing                Right Wing               Defense                  Defense                  
   Alexander Khokhlachev    Brandon Bollig           Jed Ortmeyer             Adam Comrie              Nolan Yonkman            

Goaltenders
Starting : Andrew Hammond           
Backup : Allen York               

Extra Forwards
Normal : Toby Petersen, Brandon DeFazio, Alexander Khokhlachev - PP : Toby Petersen, Brandon DeFazio - PK : Alexander Khokhlachev
Extra Defensemen
Normal : Austin Levi, Adam Comrie, Kane Lafranchise - PP : Austin Levi - PK : Nolan Yonkman, Kane Lafranchise
Penalty Shots
Alexander Khokhlachev, Brandon Bollig, Jed Ortmeyer, Ty Rattie, Bracken Kearns

% Time on Ice - Crunch

Lines # - Real PCT - Wanted PCT - Time Play
Normal Forward
1 - 27% - 35% - 13:36
2 - 26% - 30% - 13:15
3 - 27% - 20% - 13:42
4 - 20% - 15% - 10:05
Normal Defense
1 - 37% - 34% - 18:59
2 - 31% - 33% - 15:35
3 - 32% - 33% - 16:04
4 - 0% - 0% - 0:00
PP Forward
1 - 59% - 60% - 3:56
2 - 41% - 40% - 2:45
PP Defense
1 - 43% - 60% - 2:51
2 - 57% - 40% - 3:50
PK Forward
1 - 45% - 50% - 1:13
2 - 55% - 50% - 1:28
PK Defense
1 - 75% - 50% - 2:00
2 - 25% - 50% - 0:41
PK3 Forward
1 - 0% - 50%
2 - 0% - 50%
PK3 Defense
1 - 0% - 50%
2 - 0% - 50%
44 Forward
1 - 0% - 60%
2 - 0% - 40%
44 Defense
1 - 0% - 50%
2 - 0% - 50%
Last Minute Offensive  - 0:00
Last Minute Defensive  - 0:00
Total
Forward - 60:00
Defense - 60:00

% Time on Ice - Tigers

Lines # - Real PCT - Wanted PCT - Time Play
Normal Forward
1 - 25% - 35% - 12:54
2 - 29% - 30% - 14:51
3 - 18% - 22% - 9:22
4 - 27% - 13% - 13:31
Normal Defense
1 - 28% - 35% - 14:13
2 - 36% - 30% - 18:08
3 - 31% - 22% - 15:29
4 - 6% - 13% - 2:48
PP Forward
1 - 43% - 60% - 1:10
2 - 57% - 40% - 1:31
PP Defense
1 - 52% - 60% - 1:24
2 - 48% - 40% - 1:17
PK Forward
1 - 91% - 60% - 6:04
2 - 9% - 40% - 0:37
PK Defense
1 - 63% - 60% - 4:13
2 - 37% - 40% - 2:28
PK3 Forward
1 - 0% - 60%
2 - 0% - 40%
PK3 Defense
1 - 0% - 60%
2 - 0% - 40%
44 Forward
1 - 0% - 60%
2 - 0% - 40%
44 Defense
1 - 0% - 60%
2 - 0% - 40%
Last Minute Offensive  - 0:00
Last Minute Defensive  - 0:00
Total
Forward - 60:00
Defense - 60:00

Play by Play

1st period


0:01 of 1st period - Ryan Strome wins face-off versus Alexander Khokhlachev in neutral zone.
0:36 of 1st period - Wrist shot by Jed Ortmeyer.
0:36 of 1st period - Stopped by Richard Bachman with a rebound.
0:38 of 1st period - Snap shot by Adam Comrie.
0:38 of 1st period - Shot Misses the Net.
0:48 of 1st period - Taylor Pyatt is hit by Nolan Yonkman.
1:19 of 1st period - Wrist shot by Bracken Kearns.
1:19 of 1st period - Shot Blocked by Karl Stollery.
1:58 of 1st period - Snap shot by Patrick Kennedy.
1:58 of 1st period - Shot Misses the Net.
2:00 of 1st period - Wrist shot by Connor Carrick.
2:00 of 1st period - Shot Blocked by Karl Stollery.
3:18 of 1st period - Slapshot by Chad Billins.
3:18 of 1st period - Deflect By Connor Carrick.
3:18 of 1st period - Stopped by Andrew Hammond with a rebound.
3:32 of 1st period - Snap shot by Bracken Kearns.
3:32 of 1st period - Stopped by Richard Bachman with a rebound.
3:34 of 1st period - Snap shot by Ty Rattie.
3:34 of 1st period - Deflect By Harry Zolnierczyk.
3:34 of 1st period - Goal by Harry Zolnierczyk - Crunch : 0 - Tigers : 1.
3:35 of 1st period - Bracken Kearns wins face-off versus Ryan Strome in neutral zone.
3:48 of 1st period - Wrist shot by Ryan Strome.
3:48 of 1st period - Shot Misses the Net.
3:54 of 1st period - Nick Jensen is hit by Bracken Kearns and loses puck.
4:47 of 1st period - Geoff Walker is hit by Brett Skinner and loses puck.
5:16 of 1st period - Wrist shot by Jordin Tootoo.
5:16 of 1st period - Stopped by Andrew Hammond without a rebound.
5:17 of 1st period - Alexander Khokhlachev wins face-off versus Matt Lindblad in Tigers zone.
5:38 of 1st period - Snap shot by Matt Lindblad.
5:38 of 1st period - Stopped by Andrew Hammond with a rebound.
5:40 of 1st period - Slapshot by Chad Billins.
5:40 of 1st period - Shot Blocked by Nolan Yonkman.
6:12 of 1st period - Bracken Kearns is hit by Andre Petersson and loses puck.
7:09 of 1st period - Patrick Kennedy is hit by Jordin Tootoo and loses puck.
7:21 of 1st period - Connor Carrick is hit by Eriah Hayes.
7:38 of 1st period - Snap shot by Brandon DeFazio.
7:38 of 1st period - Shot Blocked by Stanislav Galiev.
7:40 of 1st period - Wrist shot by Toby Petersen.
7:40 of 1st period - Shot Misses the Net.
7:42 of 1st period - Slapshot by Toby Petersen.
7:42 of 1st period - Shot Blocked by Zach Trotman.
9:39 of 1st period - Wrist shot by Bracken Kearns.
9:39 of 1st period - Stopped by Richard Bachman with a rebound.
9:41 of 1st period - Snap shot by Bracken Kearns.
9:41 of 1st period - Stopped by Richard Bachman with a rebound.
10:32 of 1st period - Wrist shot by Travis Oleksuk.
10:32 of 1st period - Stopped by Andrew Hammond without a rebound.
10:33 of 1st period - Alexander Khokhlachev wins face-off versus Travis Oleksuk in Tigers zone.
10:44 of 1st period - Wrist shot by Stanislav Galiev.
10:44 of 1st period - Stopped by Andrew Hammond without a rebound.
10:45 of 1st period - Alexander Khokhlachev wins face-off versus Phillip Danault in Tigers zone.
12:26 of 1st period - Corban Knight is hit by Patrick Kennedy and loses puck.
12:41 of 1st period - A.J. Gale is hit by Jordin Tootoo and loses puck.
13:01 of 1st period - Snap shot by Connor Carrick.
13:01 of 1st period - Stopped by Richard Bachman with a rebound.
13:15 of 1st period - Snap shot by Taylor Pyatt.
13:15 of 1st period - Stopped by Andrew Hammond with a rebound.
13:21 of 1st period - Snap shot by Ryan Strome.
13:21 of 1st period - Stopped by Andrew Hammond without a rebound.
13:22 of 1st period - Phillip Danault wins face-off versus Bracken Kearns in Tigers zone.
15:11 of 1st period - Wrist shot by Ty Rattie.
15:11 of 1st period - Shot Misses the Net.
15:13 of 1st period - Slapshot by Adam Comrie.
15:13 of 1st period - Shot Blocked by Nick Jensen.
15:15 of 1st period - Snap shot by Ty Rattie.
15:15 of 1st period - Shot Blocked by Nick Jensen.
15:17 of 1st period - Slapshot by Ty Rattie.
15:17 of 1st period - Deflect By Brandon DeFazio.
15:17 of 1st period - Shot Blocked by Andre Petersson.
15:17 of 1st period - Puck is out of play.
15:18 of 1st period - Corban Knight wins face-off versus Toby Petersen in Crunch zone.
15:29 of 1st period - Snap shot by Eriah Hayes.
15:29 of 1st period - Shot Misses the Net.
16:00 of 1st period - Snap shot by Jed Ortmeyer.
16:00 of 1st period - Shot Hit the Post.
16:16 of 1st period - Wrist shot by Patrick Kennedy.
16:16 of 1st period - Stopped by Richard Bachman with a rebound.
16:18 of 1st period - Snap shot by Ben Blood.
16:18 of 1st period - Stopped by Richard Bachman with a rebound.
17:30 of 1st period - Brett Skinner is hit by Brandon Bollig and loses puck.
17:49 of 1st period - Geoff Walker is hit by Anton Zlobin and loses puck.
19:06 of 1st period - Ty Rattie is hit by Ryan Strome and loses puck.
19:35 of 1st period - Wrist shot by Eriah Hayes.
19:35 of 1st period - Deflect By Corban Knight.
19:35 of 1st period - Shot Misses the Net.
19:35 of 1st period - Puck is out of play.
19:36 of 1st period - Alexander Khokhlachev wins face-off versus Corban Knight in Tigers zone.
19:54 of 1st period - Off-side.
19:55 of 1st period - Travis Oleksuk wins face-off versus Alexander Khokhlachev in neutral zone.
19:59 of 1st period - Wrist shot by Zach Trotman.
19:59 of 1st period - Shot Misses the Net.
Goals for this period are 0 for Crunch vs 1 for Tigers.
Shots for this period are 7 for Crunch vs 8 for Tigers.

2nd period


0:01 of 2nd period - Alexander Khokhlachev wins face-off versus Ryan Strome in neutral zone.
0:26 of 2nd period - Wrist shot by Brandon Bollig.
0:26 of 2nd period - Shot Misses the Net.
1:01 of 2nd period - Ryan Strome is hit by Harry Zolnierczyk and loses puck.
1:58 of 2nd period - Slapshot by A.J. Gale.
1:58 of 2nd period - Stopped by Richard Bachman with a rebound.
2:08 of 2nd period - Austin Levi is hit by Karl Stollery and loses puck.
2:45 of 2nd period - Snap shot by Stanislav Galiev.
2:45 of 2nd period - Stopped by Andrew Hammond without a rebound.
2:46 of 2nd period - Phillip Danault wins face-off versus Bracken Kearns in Tigers zone.
3:34 of 2nd period - Wrist shot by Alexander Khokhlachev.
3:34 of 2nd period - Shot Misses the Net.
3:40 of 2nd period - Snap shot by Jed Ortmeyer.
3:40 of 2nd period - Stopped by Richard Bachman with a rebound.
3:42 of 2nd period - Snap shot by Alexander Khokhlachev.
3:42 of 2nd period - Shot Misses the Net.
4:17 of 2nd period - Slapshot by Travis Oleksuk.
4:17 of 2nd period - Shot Misses the Net.
4:50 of 2nd period - Slapshot by Jordin Tootoo.
4:50 of 2nd period - Shot Blocked by Kane Lafranchise.
5:04 of 2nd period - Wrist shot by Jordin Tootoo.
5:04 of 2nd period - Stopped by Andrew Hammond with a rebound.
5:20 of 2nd period - Minor Penalty to Geoff Walker for Hooking.
5:21 of 2nd period - Ryan Strome wins face-off versus Alexander Khokhlachev in Tigers zone.
5:25 of 2nd period - Slapshot by Danny Syvret.
5:25 of 2nd period - Stopped by Andrew Hammond with a rebound.
5:29 of 2nd period - Snap shot by Ryan Strome.
5:29 of 2nd period - Shot Misses the Net.
5:31 of 2nd period - Slapshot by Chad Billins.
5:31 of 2nd period - Shot Misses the Net.
7:06 of 2nd period - Jed Ortmeyer is hit by Eriah Hayes and loses puck.
7:20 of 2nd period - Penalty to Geoff Walker is over, Geoff Walker is back on ice.
7:27 of 2nd period - Backhand shot by Taylor Pyatt.
7:27 of 2nd period - Shot Misses the Net.
7:50 of 2nd period - Slapshot by Travis Oleksuk.
7:50 of 2nd period - Shot Blocked by Geoff Walker.
7:56 of 2nd period - Wrist shot by Anton Zlobin.
7:56 of 2nd period - Shot Misses the Net.
7:58 of 2nd period - Snap shot by Travis Oleksuk.
7:58 of 2nd period - Deflect By Anton Zlobin.
7:58 of 2nd period - Deflect By Bracken Kearns.
7:58 of 2nd period - Stopped by Andrew Hammond with a rebound.
8:00 of 2nd period - Slapshot by Nick Jensen.
8:00 of 2nd period - Stopped by Andrew Hammond with a rebound.
8:02 of 2nd period - Slapshot by Anton Zlobin.
8:02 of 2nd period - Stopped by Andrew Hammond without a rebound.
8:03 of 2nd period - Bracken Kearns wins face-off versus Phillip Danault in Tigers zone.
8:36 of 2nd period - Alexander Khokhlachev is hit by Phillip Danault and loses puck.
9:01 of 2nd period - Travis Oleksuk is hit by A.J. Gale and loses puck.
9:42 of 2nd period - Kane Lafranchise is hit by Jordin Tootoo and loses puck.
11:05 of 2nd period - Nolan Yonkman is hit by Danny Syvret and loses puck.
11:16 of 2nd period - Snap shot by Toby Petersen.
11:16 of 2nd period - Stopped by Richard Bachman with a rebound.
11:39 of 2nd period - Nick Jensen is hit by Ben Blood and loses puck.
11:54 of 2nd period - Andre Petersson is hit by Bracken Kearns and loses puck.
12:01 of 2nd period - Snap shot by Nick Jensen.
12:01 of 2nd period - Stopped by Andrew Hammond with a rebound.
12:33 of 2nd period - Nick Jensen is hit by Nolan Yonkman and loses puck.
12:50 of 2nd period - Zach Trotman is hit by Toby Petersen and loses puck.
12:54 of 2nd period - Icing by Zach Trotman.
12:55 of 2nd period - Toby Petersen wins face-off versus Corban Knight in Crunch zone.
13:02 of 2nd period - Corban Knight is hit by Harry Zolnierczyk.
13:27 of 2nd period - Icing by Patrick Kennedy.
13:28 of 2nd period - Travis Oleksuk wins face-off versus Patrick Kennedy in Tigers zone.
13:35 of 2nd period - Snap shot by Stanislav Galiev.
13:35 of 2nd period - Stopped by Andrew Hammond with a rebound.
13:41 of 2nd period - Danny Syvret is hit by Patrick Kennedy and loses puck.
14:24 of 2nd period - Snap shot by Ryan Strome.
14:24 of 2nd period - Goal by Ryan Strome - Crunch : 1 - Tigers : 1.
14:25 of 2nd period - Ryan Strome wins face-off versus Toby Petersen in neutral zone.
14:42 of 2nd period - Wrist shot by Ryan Strome.
14:42 of 2nd period - Shot Blocked by Toby Petersen.
15:34 of 2nd period - Icing by Harry Zolnierczyk.
15:35 of 2nd period - Phillip Danault wins face-off versus Bracken Kearns in Tigers zone.
16:03 of 2nd period - Wrist shot by Matt Lindblad.
16:03 of 2nd period - Stopped by Andrew Hammond with a rebound.
16:05 of 2nd period - Snap shot by Phillip Danault.
16:05 of 2nd period - Shot Misses the Net.
16:07 of 2nd period - Snap shot by Brodie Reid.
16:07 of 2nd period - Stopped by Andrew Hammond with a rebound.
16:09 of 2nd period - Backhand shot by Brodie Reid.
16:09 of 2nd period - Stopped by Andrew Hammond without a rebound.
16:10 of 2nd period - Travis Oleksuk wins face-off versus A.J. Gale in Tigers zone.
16:18 of 2nd period - Minor Penalty to Geoff Walker for Roughing.
16:19 of 2nd period - Ryan Strome wins face-off versus Brandon Bollig in Tigers zone.
16:27 of 2nd period - Slapshot by Ryan Strome.
16:27 of 2nd period - Stopped by Andrew Hammond without a rebound.
16:28 of 2nd period - Ryan Strome wins face-off versus Alexander Khokhlachev in Tigers zone.
17:20 of 2nd period - Kane Lafranchise is hit by Chad Billins.
18:18 of 2nd period - Penalty to Geoff Walker is over, Geoff Walker is back on ice.
18:59 of 2nd period - Snap shot by Travis Oleksuk.
18:59 of 2nd period - Shot Blocked by Ben Blood.
19:09 of 2nd period - Snap shot by Travis Oleksuk.
19:09 of 2nd period - Stopped by Andrew Hammond with a rebound.
Goals for this period are 1 for Crunch vs 0 for Tigers.
Shots for this period are 14 for Crunch vs 3 for Tigers.

3rd period


0:01 of 3rd period - Ryan Strome wins face-off versus Alexander Khokhlachev in neutral zone.
0:10 of 3rd period - Snap shot by Andre Petersson.
0:10 of 3rd period - Stopped by Andrew Hammond with a rebound.
0:12 of 3rd period - Snap shot by Andre Petersson.
0:12 of 3rd period - Shot Misses the Net.
0:14 of 3rd period - Slapshot by Taylor Pyatt.
0:14 of 3rd period - Shot Blocked by Alexander Khokhlachev.
0:35 of 3rd period - Snap shot by Taylor Pyatt.
0:35 of 3rd period - Deflect By Ryan Strome.
0:35 of 3rd period - Stopped by Andrew Hammond with a rebound.
1:05 of 3rd period - Slapshot by Corban Knight.
1:05 of 3rd period - Shot Blocked by Nolan Yonkman.
1:07 of 3rd period - Slapshot by Brett Skinner.
1:07 of 3rd period - Stopped by Andrew Hammond with a rebound.
1:09 of 3rd period - Slapshot by Nick Jensen.
1:09 of 3rd period - Deflect By Corban Knight.
1:09 of 3rd period - Shot Misses the Net.
1:09 of 3rd period - Puck is out of play.
1:10 of 3rd period - Travis Oleksuk wins face-off versus Bracken Kearns in Tigers zone.
1:25 of 3rd period - Snap shot by Harry Zolnierczyk.
1:25 of 3rd period - Shot Blocked by Karl Stollery.
1:27 of 3rd period - Minor Penalty to Zach Trotman for Goalie Interference.
1:28 of 3rd period - Phillip Danault wins face-off versus Bracken Kearns in Crunch zone.
1:54 of 3rd period - Off-side.
1:55 of 3rd period - Jed Ortmeyer wins face-off versus Phillip Danault in neutral zone.
2:09 of 3rd period - Slapshot by Brandon Bollig.
2:09 of 3rd period - Goal by Brandon Bollig - Crunch : 1 - Tigers : 2.
2:10 of 3rd period - Bracken Kearns wins face-off versus Ryan Strome in neutral zone.
2:47 of 3rd period - Wrist shot by Bracken Kearns.
2:47 of 3rd period - Deflect By Andre Petersson.
2:47 of 3rd period - Shot Misses the Net.
2:47 of 3rd period - Puck is out of play.
2:48 of 3rd period - Jordin Tootoo wins face-off versus Alexander Khokhlachev in Crunch zone.
4:18 of 3rd period - Icing by Zach Trotman.
4:19 of 3rd period - Bracken Kearns wins face-off versus Phillip Danault in Crunch zone.
4:26 of 3rd period - Wrist shot by Bracken Kearns.
4:26 of 3rd period - Stopped by Richard Bachman with a rebound.
4:32 of 3rd period - Harry Zolnierczyk is hit by Zach Trotman and loses puck.
4:41 of 3rd period - Wrist shot by Matt Lindblad.
4:41 of 3rd period - Shot Misses the Net.
4:43 of 3rd period - Slapshot by Brodie Reid.
4:43 of 3rd period - Stopped by Andrew Hammond without a rebound.
4:44 of 3rd period - Jed Ortmeyer wins face-off versus Taylor Pyatt in Tigers zone.
4:55 of 3rd period - Snap shot by Ryan Strome.
4:55 of 3rd period - Stopped by Andrew Hammond with a rebound.
4:57 of 3rd period - Wrist shot by Andre Petersson.
4:57 of 3rd period - Shot Misses the Net.
5:50 of 3rd period - Slapshot by Ty Rattie.
5:50 of 3rd period - Stopped by Richard Bachman with a rebound.
5:52 of 3rd period - Wrist shot by Ty Rattie.
5:52 of 3rd period - Stopped by Richard Bachman with a rebound.
5:54 of 3rd period - Slapshot by Ty Rattie.
5:54 of 3rd period - Goal by Ty Rattie - Crunch : 1 - Tigers : 3.
5:55 of 3rd period - Travis Oleksuk wins face-off versus Bracken Kearns in neutral zone.
6:08 of 3rd period - Snap shot by Harry Zolnierczyk.
6:08 of 3rd period - Stopped by Richard Bachman with a rebound.
6:10 of 3rd period - Slapshot by Bracken Kearns.
6:10 of 3rd period - Stopped by Richard Bachman without a rebound.
6:11 of 3rd period - Bracken Kearns wins face-off versus Travis Oleksuk in Crunch zone.
6:18 of 3rd period - Snap shot by Harry Zolnierczyk.
6:18 of 3rd period - Stopped by Richard Bachman with a rebound.
6:20 of 3rd period - Backhand shot by Adam Comrie.
6:20 of 3rd period - Shot Blocked by Anton Zlobin.
6:22 of 3rd period - Wrist shot by Bracken Kearns.
6:22 of 3rd period - Stopped by Richard Bachman with a rebound.
6:24 of 3rd period - Wrist shot by Bracken Kearns.
6:24 of 3rd period - Shot Misses the Net.
6:26 of 3rd period - Wrist shot by Ty Rattie.
6:26 of 3rd period - Shot Misses the Net.
6:54 of 3rd period - Wrist shot by Alexander Khokhlachev.
6:54 of 3rd period - Stopped by Richard Bachman with a rebound.
7:00 of 3rd period - Slapshot by Jed Ortmeyer.
7:00 of 3rd period - Shot Misses the Net.
7:10 of 3rd period - Wrist shot by Jed Ortmeyer.
7:10 of 3rd period - Shot Misses the Net.
8:34 of 3rd period - Minor Penalty to Brandon DeFazio for Slashing.
8:35 of 3rd period - Ryan Strome wins face-off versus Alexander Khokhlachev in Tigers zone.
8:46 of 3rd period - Wrist shot by Ryan Strome.
8:46 of 3rd period - Shot Misses the Net.
8:48 of 3rd period - Snap shot by Karl Stollery.
8:48 of 3rd period - Stopped by Andrew Hammond with a rebound.
8:50 of 3rd period - Snap shot by Taylor Pyatt.
8:50 of 3rd period - Shot Misses the Net.
8:52 of 3rd period - Snap shot by Ryan Strome.
8:52 of 3rd period - Stopped by Andrew Hammond with a rebound.
8:56 of 3rd period - Slapshot by Taylor Pyatt.
8:56 of 3rd period - Stopped by Andrew Hammond without a rebound.
8:57 of 3rd period - Alexander Khokhlachev wins face-off versus Corban Knight in Tigers zone.
8:57 of 3rd period - Alexander Khokhlachev is hit by Jordin Tootoo.
9:15 of 3rd period - Snap shot by Eriah Hayes.
9:15 of 3rd period - Shot Misses the Net.
9:53 of 3rd period - Nolan Yonkman is hit by Taylor Pyatt.
10:34 of 3rd period - Penalty to Brandon DeFazio is over, Brandon DeFazio is back on ice.
10:53 of 3rd period - Patrick Kennedy is hit by Brodie Reid and loses puck.
11:08 of 3rd period - Matt Lindblad is hit by Kane Lafranchise and loses puck.
11:15 of 3rd period - Backhand shot by Connor Carrick.
11:15 of 3rd period - Shot Misses the Net.
11:17 of 3rd period - Wrist shot by A.J. Gale.
11:17 of 3rd period - Stopped by Richard Bachman with a rebound.
11:19 of 3rd period - Wrist shot by Geoff Walker.
11:19 of 3rd period - Shot Misses the Net.
11:21 of 3rd period - Slapshot by Austin Levi.
11:21 of 3rd period - Shot Blocked by Brett Skinner.
11:23 of 3rd period - Slapshot by Connor Carrick.
11:23 of 3rd period - Shot Blocked by Brett Skinner.
11:39 of 3rd period - Austin Levi is hit by Travis Oleksuk and loses puck.
11:46 of 3rd period - Slapshot by Stanislav Galiev.
11:46 of 3rd period - Stopped by Andrew Hammond with a rebound.
11:48 of 3rd period - Slapshot by Danny Syvret.
11:48 of 3rd period - Stopped by Andrew Hammond without a rebound.
11:49 of 3rd period - Travis Oleksuk wins face-off versus Toby Petersen in Tigers zone.
11:55 of 3rd period - Snap shot by Chad Billins.
11:55 of 3rd period - Stopped by Andrew Hammond with a rebound.
12:01 of 3rd period - Snap shot by Travis Oleksuk.
12:01 of 3rd period - Deflect By Stanislav Galiev.
12:01 of 3rd period - Shot Blocked by Connor Carrick.
12:01 of 3rd period - Puck is out of play.
12:02 of 3rd period - Toby Petersen wins face-off versus Eriah Hayes in Tigers zone.
13:21 of 3rd period - Icing by Danny Syvret.
13:22 of 3rd period - Stanislav Galiev wins face-off versus Bracken Kearns in Crunch zone.
13:40 of 3rd period - Minor Penalty to Chad Billins for Boarding.
13:41 of 3rd period - Alexander Khokhlachev wins face-off versus Phillip Danault in Crunch zone.
13:49 of 3rd period - Wrist shot by Alexander Khokhlachev.
13:49 of 3rd period - Shot Misses the Net.
14:21 of 3rd period - Slapshot by Bracken Kearns.
14:21 of 3rd period - Stopped by Richard Bachman with a rebound.
14:33 of 3rd period - Snap shot by Travis Oleksuk.
14:33 of 3rd period - Shot Misses the Net.
14:41 of 3rd period - Travis Oleksuk is hit by Nolan Yonkman and loses puck.
15:32 of 3rd period - Wrist shot by Matt Lindblad.
15:32 of 3rd period - Deflect By Harry Zolnierczyk.
15:32 of 3rd period - Shot Blocked by Ty Rattie.
15:32 of 3rd period - Puck is out of play.
15:33 of 3rd period - Phillip Danault wins face-off versus Alexander Khokhlachev in Tigers zone.
15:40 of 3rd period - Penalty to Chad Billins is over, Chad Billins is back on ice.
16:06 of 3rd period - Patrick Kennedy is hit by Danny Syvret and loses puck.
16:19 of 3rd period - Snap shot by Ryan Strome.
16:19 of 3rd period - Stopped by Andrew Hammond with a rebound.
16:21 of 3rd period - Slapshot by Zach Trotman.
16:21 of 3rd period - Stopped by Andrew Hammond with a rebound.
16:37 of 3rd period - Slapshot by Eriah Hayes.
16:37 of 3rd period - Shot Blocked by Patrick Kennedy.
16:53 of 3rd period - Snap shot by Jordin Tootoo.
16:53 of 3rd period - Shot Misses the Net.
16:55 of 3rd period - Wrist shot by Chad Billins.
16:55 of 3rd period - Stopped by Andrew Hammond with a rebound.
16:57 of 3rd period - Snap shot by Chad Billins.
16:57 of 3rd period - Shot Misses the Net.
16:59 of 3rd period - Slapshot by Corban Knight.
16:59 of 3rd period - Shot Misses the Net.
17:01 of 3rd period - Slapshot by Chad Billins.
17:01 of 3rd period - Deflect By Eriah Hayes.
17:01 of 3rd period - Shot Misses the Net.
17:01 of 3rd period - Puck is out of play.
17:02 of 3rd period - Phillip Danault wins face-off versus Bracken Kearns in Tigers zone.
17:23 of 3rd period - Harry Zolnierczyk is hit by Brodie Reid.
17:51 of 3rd period - Icing by Andre Petersson.
17:52 of 3rd period - Alexander Khokhlachev wins face-off versus Ryan Strome in Crunch zone.
17:53 of 3rd period - Snap shot by Jed Ortmeyer.
17:53 of 3rd period - Shot Blocked by Chad Billins.
17:55 of 3rd period - Snap shot by Brandon Bollig.
17:55 of 3rd period - Shot Misses the Net.
18:35 of 3rd period - Bracken Kearns is hit by Chad Billins and loses puck.
18:44 of 3rd period - Nick Jensen is hit by Harry Zolnierczyk and loses puck.
19:15 of 3rd period - Minor Penalty to Geoff Walker for Hooking.
19:16 of 3rd period - Alexander Khokhlachev wins face-off versus Ryan Strome in Tigers zone.
19:38 of 3rd period - Alexander Khokhlachev is hit by Zach Trotman and loses puck.
Goals for this period are 0 for Crunch vs 2 for Tigers.
Shots for this period are 14 for Crunch vs 12 for Tigers.


Output by the SimonT Hockey Simulator (STHS) for Eric Dolegowski -- Original Page W3C XHTML 1.0 Valid
Hockey Simulator - Hockey Simulation - Hockey Manager